 Dungeon Crawl Stone Soup version 0.21.1-1-g345015f (webtiles) character file.

182 vatarom the Caller (level 5, -1/29 HPs)
             Began as a Deep Elf Summoner on Mar 24, 2018.
             Killed by divine providence
             ... invoked by an orc priest
              (15 damage)
             ... on level 3 of the Dungeon.
             The game lasted 00:06:48 (2551 turns).

vatarom the Caller (Deep Elf Summoner)              Turns: 2551, Time: 00:06:49

Health: -1/29      AC:  2    Str:  6    XL:     5   Next: 35%
Magic:  11/14      EV: 13    Int: 20    God:
Gold:   202        SH:  0    Dex: 15    Spells: 4/14 levels left

rFire    . . .     SeeInvis .   d - +0 dagger
rCold    . . .     Gourm    .   (no shield)
rNeg     . . .     Faith    .   a - +0 robe
rPois    .         Spirit   .   (no helmet)
rElec    .         Reflect  .   (no cloak)
rCorr    .         Harm     .   (no gloves)
MR       .....                  (no boots)
Stlth    ++........             (no amulet)
HPRegen  0.09/turn              (no ring)
MPRegen  0.14/turn              (no ring)

@: no status effects
A: no striking features
a: no special abilities


You were on level 3 of the Dungeon.
You were not hungry.

You visited 1 branch of the dungeon, and saw 3 of its levels.

You collected 202 gold pieces.

Inventory:

Hand Weapons
 d - a +0 dagger (weapon)
 i - a +4 rapier of venom
Armour
 a - a +0 robe (worn)
Scrolls
 f - a scroll of remove curse
 j - a scroll of fear
 m - a scroll of identify
Potions
 e - a potion of mutation {unknown}
 g - 3 potions of might
 h - a potion of curing {unknown}
 k - a potion of agility
 l - a potion of heal wounds {unknown}
Books
 b - a book of Callings

   Spells                             Type                      Level
   a - Summon Small Mammal            Summoning                    1
   b - Call Imp                       Summoning                    2
   c - Call Canine Familiar           Summoning                    3
   d - Summon Guardian Golem          Hexes/Summoning              3
   e - Summon Lightning Spire         Summoning/Air                4
   f - Summon Ice Beast               Ice/Summoning                4
Comestibles
 c - 5 rations
 n - 3 chunks of flesh


   Skills:
 + Level 1.6 Fighting
 - Level 2.4 Dodging
 - Level 2.4 Stealth
 * Level 5.3 Spellcasting
 * Level 5.7 Summonings


You had 4 spell levels left.
You knew the following spells:

 Your Spells              Type           Power        Failure   Level  Hunger
a - Summon Small Mammal   Summ           ####         1%          1    None
b - Call Imp              Summ           ####....     1%          2    None
c - Call Canine Familiar  Summ           ####....     3%          3    ##.....
d - Summon Lightning Spi  Summ/Air       ###.....     34%         4    ####...


Dungeon Overview and Level Annotations

Branches:
Dungeon (3/15)

Altars:
Okawaru


Message History

The orc priest shouts!
The goblin hits you but does no damage.
Your lightning spire shoots out a bolt of lightning at the goblin!
The bolt of electricity hits the goblin.
The goblin dies!
Your lightning spire shoots out a bolt of lightning at the orc!
The bolt of electricity hits the orc.
The orc dies!
An adder comes into view.
Things that are here:
a dagger; a goblin corpse The orc priest invokes the aid of Beogh against you.
Beogh smites you!
Things that are here:
a dagger; a goblin corpse You swap places.
The orc priest invokes the aid of Beogh against you.
Beogh smites you!
Ouch! That really hurt!
You die...

##...####### ####
#..........# #...
...S.......# #.#.
.....o.....###### #...
.......)........# ##.#
#..........# #.# #.#
#..# #.# #.# #h5####
#.# ##.# #8@...# #.#
#... #.###.# #.# ##.#.
##.###.# #(# ##....
####...##.###.####...##
+.............(........
####...##.######....)..
##.###.# #.##..## ###
#.# #.###.# #.# #.....#


You could see an orc priest, an adder, a friendly lightning spire, a friendly
hound and a friendly white imp.

Vanquished Creatures
  A dart slug (D:1)
  A leopard gecko (D:3)
  A goblin (D:2)
  A hobgoblin (D:1)
  A quokka (D:2)
  5 bats
  2 frilled lizards (D:2)
  4 rats
16 creatures vanquished.

Vanquished Creatures (collateral kills)
  Sigmund (D:2)
  An iguana (D:3)
  An orc wizard (D:3)
  3 adders
  A worm (D:3)
  4 dart slugs (D:1)
  2 leopard geckos
  5 orcs (D:3)
  A ball python (D:2)
  2 giant cockroaches
  7 goblins
  3 hobgoblins
  2 bats
  3 frilled lizards
  8 kobolds
  7 rats
51 creatures vanquished.

Grand Total: 67 creatures vanquished

Notes
Turn   | Place    | Note
-------+----------+-------------------------------------------
     0 | D:1      | vatarom the Deep Elf Summoner began the quest for the Orb.
     0 | D:1      | Reached XP level 1. HP: 10/10 MP: 6/6
   279 | D:1      | Reached XP level 2. HP: 16/16 MP: 6/8
   821 | D:1      | Learned a level 2 spell: Call Imp
  1235 | D:1      | Reached XP level 3. HP: 20/20 MP: 10/10
  1527 | D:2      | Noticed Sigmund
  1557 | D:2      | Killed Sigmund
  1557 | D:2      | Reached skill level 1 in Fighting
  1557 | D:2      | Reached skill level 5 in Summonings
  1557 | D:2      | Reached XP level 4. HP: 11/25 MP: 4/12
  1954 | D:2      | Learned a level 3 spell: Call Canine Familiar
  2160 | D:2      | Reached skill level 5 in Spellcasting
  2243 | D:2      | Learned a level 4 spell: Summon Lightning Spire
  2267 | D:3      | Found an iron altar of Okawaru.
  2268 | D:3      | Reached XP level 5. HP: 29/29 MP: 14/14
  2551 | D:3      | Killed from afar by an orc priest

Skill      XL: |  1  2  3  4 |
---------------+-------------+-----
Fighting       | 1 |  1.6
Spellcasting   | 4 5 |  5.3
Summonings     | 5 |  5.7
Dodging        | |  2.4
Stealth        | |  2.4

Action                   |  1- 3 |  4- 6 || total
-------------------------+-------+-------++-------
Melee: Dagger            |    68 |    34 ||   102
 Cast: Summon Small Mamm |    21 |       ||    21
       Call Imp          |    11 |    12 ||    23
       Call Canine Famil |       |     4 ||     4
       Summon Lightning  |       |     1 ||     1
  Use: Scroll            |     3 |     2 ||     5
       Potion            |       |     1 ||     1
 Stab: Sleeping          |     8 |     4 ||    12
  Eat: Chunk             |     2 |     4 ||     6
Armor: Robe              |     4 |     8 ||    12
Dodge: Dodged            |    52 |    21 ||    73
